Map: Romanticide LE

Players

Kas - Winner!

  • Race: Terran Terran
  • League: Grandmaster
  • Spawn Location: 5:00

DnS

  • Race: Protoss Protoss
  • Spawn Location: 11:00

Event: DreamHack SC2 Masters 2020 Winter

VOD

Have the link to the VOD?

Description

Time

  • Played on: Oct. 31, 2020, 1:13 p.m.
  • Length: 14:24

All games in this series

Show
View Real Time Build Order
Export as new Build Order

Kas Terran - Winner!

Build Orders: Reaper Expand 

Get SALT Encoding   

  12  0:00  SCV  
  13  0:12  SCV  
  14  0:17  Supply Depot  
  14  0:24  SCV  
  15  0:38  SCV  
  15  0:40  Barracks  
  16  0:43  Refinery  
  16  0:51  SCV  
  17  1:03  SCV  
  18  1:15  SCV  
  19  1:27  Orbital Command, Reaper  
  20  1:39  Command Center  
  20  1:50  Supply Depot  
  20  1:52  SCV  
  21  1:59  Marine  
  22  2:05  Factory, SCV  
  23  2:12  Refinery  
  23  2:17  Marine  
  24  2:26  SCV  
  25  2:35  Marine  
  26  2:40  SCV  
  26  2:50  Widow Mine  
  28  2:53  Marine  
  27  3:01  SCV  
  27  3:11  Marine  
  27  3:14  Factory Tech Lab  
  26  3:26  SCV, Orbital Command  
  26  3:28  Marine  
  26  3:33  Cyclone  
  30  3:36  Mag-Field Accelerator  
  30  3:44  SCV  
  30  3:45  Bunker  
  31  3:49  Marine  
  32  4:05  Cyclone  
  32  4:06  Marine  
  36  4:10  Supply Depot  
  35  4:22  SCV  
  36  4:28  SCV  
  35  4:32  Marine  
  35  4:33  Starport  
  35  4:34  SCV  
  37  4:43  Cyclone  
  40  4:51  Barracks Reactor  
  40  4:54  SCV, Barracks  
  40  4:55  Barracks  
  41  5:14  Viking  
  41  5:16  Supply Depot  
  41  5:20  SCV x2  
  45  5:36  SCV  
  44  5:42  Barracks Tech Lab  
  44  5:48  SCV  
  44  5:50  Marine  
  44  5:51  Barracks Tech Lab  
  44  5:53  SCV, Cyclone  
  49  6:00  SCV  
  50  6:04  Marine, Stimpack  
  50  6:05  SCV  
  50  6:10  Engineering Bay  
  52  6:12  SCV  
  52  6:17  SCV  
  51  6:18  Marine x2  
  51  6:24  Combat Shield, SCV  
  54  6:28  Refinery  
  54  6:35  Medivac  
  54  6:38  Missile Turret x2  
  54  6:40  Supply Depot  
  54  6:42  SCV x2, Marauder  
  60  6:47  Marauder  
  60  6:52  Terran Infantry Weapons Level 1  
  60  6:54  SCV x2  
  62  7:01  Marine x2, Siege Tank, Supply Depot  
  62  7:02  Supply Depot  
  62  7:05  Marauder  
  62  7:06  SCV  
  70  7:18  Starport Reactor  
  70  7:23  Marauder, Marine x2, SCV x2  
  70  7:25  Supply Depot x2  
  70  7:29  Marauder  
  78  7:35  SCV  
  79  7:39  Supply Depot  
  79  7:40  SCV  
  79  7:43  Factory Reactor  
  80  7:44  Concussive Shells, Marine x2  
  80  7:45  Marauder  
  80  7:47  SCV  
  85  8:06  Marauder  
  85  8:07  SCV x2  
  85  8:09  Medivac x2  
  85  8:10  Marine  
  85  8:11  Marine  
  86  8:16  Supply Depot  
  86  8:18  Command Center  
  86  8:19  SCV  
  87  8:20  Marauder  
  87  8:22  Widow Mine  
  87  8:26  SCV  
  92  8:31  Barracks  
  92  8:35  Marine x2, Barracks  
  92  8:38  Marauder  
  92  8:41  Widow Mine  
  96  9:02  Marine x2, Marauder x2  
  96  9:03  Widow Mine x2  
  96  9:04  SCV x2  
  83  9:18  SCV x2  
  83  9:20  Marine x2, Barracks Reactor  
  83  9:24  Marauder x2  
  88  9:25  Medivac  
  88  9:26  Widow Mine  
  88  9:30  Medivac  
  94  9:31  Widow Mine  
  94  9:33  Orbital Command  
  94  9:36  Marauder  
  94  9:38  Marine  
  99  9:39  Refinery, Terran Infantry Armor Level 1  
  99  9:44  Marine  
  99  9:45  Marauder x2  
  86  9:47  Bunker  
  86  9:49  Widow Mine  
  88  9:53  Widow Mine  
  88  9:56  Marine  
  88  9:58  Armory, Marine, Marauder  
  88  9:59  Marine  
  95  10:02  Marine  
  95  10:06  Marauder  
  92  10:17  Marauder, Marine x2, Orbital Command  
  92  10:19  Marauder  
  94  10:26  Marine  
  94  10:27  Marine, Supply Depot  
  94  10:28  Marauder  
  96  10:29  Supply Depot  
  96  10:30  Widow Mine x2, Medivac  
  96  10:35  Marine x2  
  103  10:36  SCV x2  
  103  10:39  Marauder  
  108  10:45  Missile Turret  
  108  10:49  Marine x2, Marauder x2  
  114  10:50  Medivac  
  114  10:51  SCV  
  114  10:53  Marine  
  114  10:54  Engineering Bay  
  118  11:02  Marine, Marauder  
  121  11:07  Marine x2  
  121  11:11  Marauder  
  125  11:16  Marine, Marauder  
  130  11:18  Widow Mine  
  130  11:20  Marine  
  130  11:24  Marauder  
  130  11:25  Marine x2  
Show
View Real Time Build Order
Export as new Build Order

DnS Protoss 

Build Orders:  

Get SALT Encoding   

  12  0:09  Pylon  
  12  0:12  Probe  
  13  0:24  Probe (Chrono Boost)  
  14  0:29  Gateway  
  14  0:35  Probe (Chrono Boost)  
  15  0:40  Assimilator  
  15  0:42  Probe  
  15  0:49  Assimilator  
  16  0:55  Probe  
  17  1:07  Probe  
  18  1:16  Cybernetics Core  
  18  1:17  Zealot  
  20  1:19  Probe  
  21  1:31  Probe  
  21  1:32  Pylon  
  22  1:43  Probe  
  23  1:54  Adept (Chrono Boost), Stargate  
  23  1:59  Probe  
  26  2:06  Pylon  
  26  2:11  Probe  
  27  2:17  Adept  
  29  2:33  Pylon  
  29  2:36  Pylon  
  29  2:43  Probe  
  29  2:45  Warp Gate  
  27  3:04  Probe  
  32  3:11  Pylon  
  32  3:28  Pylon  
  32  3:29  Adept, Probe  
  32  3:31  Pylon  
  32  3:32  Void Ray (Chrono Boost)  
  35  3:55  Shield Battery  
  35  3:56  Shield Battery  
  35  3:57  Shield Battery  
  35  3:58  Shield Battery  
  35  4:01  Pylon  
  35  4:07  Stargate  
  33  4:32  Nexus  
  33  4:34  Probe  
  34  4:42  Sentry  
  36  4:46  Probe  
  36  4:52  Twilight Council  
  37  4:56  Gateway  
  37  4:58  Probe  
  38  5:05  Pylon  
  38  5:10  Probe  
  38  5:13  Sentry  
  41  5:16  Gateway  
  37  5:29  Probe  
  37  5:31  Phoenix  
  37  5:34  Dark Shrine  
  38  5:42  Stalker  
  38  5:43  Probe  
  38  5:44  Blink (Chrono Boost)  
  38  5:48  Shield Battery  
  37  5:50  Probe  
  38  5:57  Sentry  
  38  6:02  Probe  
  38  6:03  Probe  
  42  6:06  Stalker  
  42  6:10  Stalker  
  39  6:20  Stalker  
  41  6:32  Stalker  
  41  6:39  Stalker, Probe x2 (Chrono Boost)  
  45  6:48  Dark Templar  
  45  6:51  Probe x2 (Chrono Boost)  
  49  6:56  Stalker  
  49  6:59  Probe x2 (Chrono Boost)  
  53  7:05  Nexus, Probe  
  53  7:06  Probe  
  55  7:11  Pylon  
  55  7:14  Sentry  
  57  7:17  Probe  
  57  7:20  Forge  
  57  7:21  Probe  
  57  7:22  Charge (Chrono Boost)  
  59  7:33  Stalker x2  
  59  7:36  Probe x2  
  65  7:40  Stalker  
  67  7:48  Probe x2  
  69  7:51  Gateway  
  69  7:57  Stalker x2  
  65  8:12  Probe  
  66  8:17  Probe x2  
  68  8:23  Gateway  
  68  8:24  Probe  
  68  8:25  Protoss Ground Armor Level 1 (Chrono Boost)  
  69  8:29  Probe x2  
  69  8:31  Gateway  
  69  8:33  Gateway  
  71  8:36  Probe  
  71  8:39  Zealot x2  
  76  8:42  Zealot  
  78  8:52  Shield Battery  
  67  9:00  Zealot x3  
  61  9:02  Zealot  
  57  9:26  Zealot x2  
  57  9:30  Pylon x2  
  61  9:32  Pylon  
  61  9:47  Pylon  
  61  9:49  Probe x2  
  63  9:53  Zealot x7  
  57  10:27  Nexus  
  57  10:28  Probe x2 (Chrono Boost), Sentry x3  
  61  10:29  Pylon  
  61  10:40  Probe x2 (Chrono Boost)  
  63  10:43  Dark Templar  
  63  10:45  Probe (Chrono Boost)  
  63  10:46  Probe (Chrono Boost)  
  63  10:47  Stalker x3  
  73  10:55  Probe x2 (Chrono Boost)  
  75  10:59  Sentry  
  75  11:00  Zealot x2  
  75  11:03  Protoss Ground Armor Level 2  
  81  11:07  Probe (Chrono Boost)  
  81  11:10  Probe (Chrono Boost)  
  83  11:12  Probe (Chrono Boost)  
  83  11:16  Probe  
  83  11:21  Probe  
  83  11:22  Photon Cannon  
Tags
 
Add a new tag
Caveats
  • Supply blocks, unpowered buildings, or Contaminate may cause inaccurate times.
  • Supply counts are checked every 10 seconds.